 Dungeon Crawl Stone Soup version 0.31.0-12-g77e489cdc1 (webtiles) character file.

Game seed: 15178586143497588729

182 lordive the Twirler (level 5, -17/46 HPs)
             Began as a Minotaur Gladiator on Feb 28, 2024.
             Killed from afar by an acid dragon (26 damage)
             ... with a splash of acid
             ... on level 5 of the Dungeon.
             The game lasted 00:04:19 (3089 turns).

lordive the Twirler (Minotaur Gladiator)            Turns: 3089, Time: 00:04:20

Health: -17/46     AC:  4    Str: 19    XL:     5   Next: 34%
Magic:  4/4        EV:  9    Int:  5    God:
Gold:   90         SH:  0    Dex: 13    Spells: 4/4 levels left

rFire   + . .        a - +0 quarterstaff
rCold   . . .        (shield currently unavailable)
rNeg    . . .        m - +0 chain mail
rPois   .            c - +0 hat
rElec   .            (no cloak)
rCorr   .            (no gloves)
SInv    .            w - +2 pair of boots
Will    .....        (no amulet) Stlth
                     l - ring of protection from fire
HPRegen 0.27/turn    (no ring)
MPRegen 0.09/turn

%: no passive effects
@: corroded
A: horns 2, retaliatory headbutt
a: no special abilities


You were on level 5 of the Dungeon.
You visited 1 branch of the dungeon, and saw 5 of its levels.

You collected 104 gold pieces.
You spent 14 gold pieces at shops.

Inventory:

Hand Weapons
 a - a +0 quarterstaff (weapon)
Missiles
 d - 3 throwing nets (quivered)
 e - a javelin
Armour
 c - a +0 hat (worn)
 m - a +0 chain mail (worn)
 w - a +2 pair of boots (worn)
Jewellery
 l - a ring of protection from fire (left hand)
Scrolls
 f - 3 scrolls of identify {unknown}
 i - a scroll of blinking {unknown}
 j - a scroll of torment {unknown}
 k - 2 scrolls of vulnerability {unknown}
 o - a scroll of silence {unknown}
 q - a scroll of amnesia {unknown}
 s - a scroll of revelation {unknown}
 u - a scroll of enchant armour {unknown}
 v - a scroll of noise {unknown}
Potions
 b - a potion of mutation {unknown}
 g - a potion of lignification {unknown}
 h - 3 potions of heal wounds {unknown}
 n - a potion of haste {unknown}
 p - 2 potions of magic {unknown}
 r - 3 potions of might {unknown}
 t - 2 potions of attraction {unknown}


   Skills:
 + Level 3.6 Fighting
 + Level 5.7 Staves
 + Level 2.0 Throwing
 + Level 2.6 Armour
 + Level 3.6 Dodging
 + Level 0.5 Stealth


You had 4 spell levels left.
You didn't know any spells.
Your spell library contained the following spells:

 Spells                   Type           Power      Damage    Failure   Level
 Shock                    Conj/Air       0%         1d3       99%         1
 Slow                     Hex            0%         N/A       99%         1
 Scorch                   Fire           0%         2d5       100%        2
 Confusing Touch          Hex            0%         N/A       100%        3
 Sigil of Binding         Hex            0%         N/A       100%        3
 Swiftness                Air            0%         N/A       100%        3
 Tukima's Dance           Hex            0%         N/A       100%        3
 Vampiric Draining        Necr           0%         2d6       100%        3
 Airstrike                Air            0%         2d(0-16)  100%        4
 Flame Wave               Conj/Fire      0%         2d4       100%        4
 Passage of Golubria      Tloc           0%         N/A       100%        4
 Yara's Violent Unravell  Hex/Alch       0%         3d3       100%        5
 Summon Cactus Giant      Summ           0%         N/A       100%        6


Dungeon Overview and Level Annotations

Branches:
Dungeon (5/15)
 Temple: D:4-7

Altars:

Shops:
D:1 !:[

Annotations:
D:4 2 runed translucent doors, PriceMaster's ghost, amateur OpAE


Innate Abilities, Weirdness & Mutations

You have a pair of horns on your head.
You reflexively headbutt those who attack you in melee.


Message History

What level of the Dungeon? (default 4, ? - help)
There is a stone staircase leading down here.
You climb downwards.
Found a club.
Found a stone staircase leading down.
There is a stone staircase leading up here.
You see here a +0 club.
f - 3 scrolls labelled ERYRGH VIWUPA (gained 1)
Found a stone staircase leading up.
An acid dragon comes into view.
The acid dragon roars!
The acid dragon spits acid at you. The splash of acid hits you!
The acid corrodes you!
An acid dragon is nearby!
An acid dragon is nearby!
A scorpion comes into view.
A wight comes into view.
It is wielding a +1 great sword of flaming.
You thump the acid dragon! Your headbutt misses the acid dragon.
The acid dragon is moderately wounded.
The acid dragon spits acid at you. The splash of acid hits you!
The acid corrodes you!
You are too injured to fight recklessly!
You are too injured to fight recklessly!
You are too injured to fight recklessly!
You are too injured to fight recklessly!
You are too injured to fight recklessly!
Unknown command.
You sock the acid dragon!
You headbutt the acid dragon, but do no damage.
The acid dragon is heavily wounded.
The acid dragon bites you!
* * * LOW HITPOINT WARNING * * *
The acid dragon claws you.
* * * LOW HITPOINT WARNING * * *
You hit the acid dragon.
The acid dragon is severely wounded.
A wight comes into view. It is wielding a +3 mace.
The acid dragon spits acid at you. The splash of acid hits you!!
Ouch! That really hurt!
You die...

.# .# ####### #.#
.....###### #..#
#.#......###...## #
#...###.##.?...##
.###........s.....##
# .#...###...@Dz<...z
#.
#.#......#...$...##
#.##.#.#######.....##
#......#### ##...##
###.......# #..#
#..####.# #.#
#..####.# ##+##
#.....#.# ##...##
##.###.#.# ##.....##


You could see an acid dragon (catching breath), a scorpion and 2 wights.

Vanquished Creatures
  A hound (D:4)
  An iguana (D:4)
  4 adders
  2 ribbon worms
  3 dart slugs
  9 orcs
  4 ball pythons
  9 endoplasms
  3 giant cockroaches
  9 hobgoblins
  6 kobolds
  5 quokkas
  2 frilled lizards (D:2)
  7 goblins
  3 rats
68 creatures vanquished.

Notes
Turn   | Place    | Note
-------+----------+-------------------------------------------
     0 | D:1      | lordive the Minotaur Gladiator began the quest for the Orb.
     0 | D:1      | Reached XP level 1. HP: 18/18 MP: 0/0
    98 | D:1      | Found Tuti's Book Shop.
   182 | D:1      | Found Suamim Yvoi's Antique Armour Shoppe.
   249 | D:1      | Reached skill level 4 in Staves
   253 | D:1      | Reached XP level 2. HP: 14/25 MP: 1/1
   540 | D:1      | Found Busim's Distillery.
   549 | D:1      | Bought a potion of degeneration for 14 gold pieces
   937 | D:2      | Reached XP level 3. HP: 24/31 MP: 2/2
  1052 | D:2      | Reached skill level 1 in Armour
  1506 | D:3      | Reached skill level 5 in Staves
  1506 | D:3      | Reached XP level 4. HP: 33/38 MP: 3/3
  2277 | D:4      | Found a runed translucent door.
  2280 | D:4      | Noticed a bullfrog
  2280 | D:4      | Noticed PriceMaster's ghost (amateur OpAE)
  2407 | D:4      | Reached XP level 5. HP: 45/45 MP: 4/4
  2741 | D:4      | Found a runed translucent door.
  3027 | D:5      | Entered Level 5 of the Dungeon
  3083 | D:5      | Noticed an acid dragon
  3089 | D:5      | Killed from afar by an acid dragon

Illustrated notes

Levels and vault maps discovered:
D:1:      doesnt_arrival_eight_statues, layout_loops_ring, serial_shops,
          nicolae_shop_behind_doors, shop, nicolae_shop_tiny_glass,
          minmay_splitting_lines, nicolae_wormholes
D:2:      layout_rooms, chequers_decorated_corner, minmay_misc_feat_x
D:3:      minmay_general_purpose_star, layout_basic
D:4:      layout_loops_ring, ebering_ghost_sewer_f
D:5:      layout_loops_corners

Skill      XL: |  1  2  3  4 |
---------------+-------------+-----
Staves         | 4 5 |  5.7
Fighting       | 3 |  3.6
Armour         | 1 2 |  2.6
Throwing       | |  2.0
Dodging        | |  3.6
Stealth        | |  0.5

Action                     |  1- 3 |  4- 6 || total
---------------------------+-------+-------++-------
  Melee: Quarterstaff      |    79 |    60 ||   139
         Headbutt          |     4 |     9 ||    13
 Armour: Leather armour    |    34 |       ||    34
         Chain mail        |    10 |    42 ||    52
  Dodge: Dodged            |    36 |    17 ||    53
